 Dungeon Crawl Stone Soup version 0.27-a0-419-g7a85846853 (webtiles) character file.

Game seed: 7176132042097278361

31 Chiseanne the Skirmisher (level 3, 31/31 HPs)
             Began as a Demonspawn Wanderer on Feb 26, 2021.
             Quit the game on level 2 of the Dungeon.
             The game lasted 00:01:04 (676 turns).

Chiseanne the Skirmisher (Demonspawn Wanderer)       Turns: 676, Time: 00:01:04

Health: 31/31      AC:  5    Str: 11    XL:     3   Next: 7%
Magic:  3/3        EV: 10    Int: 16    God:
Gold:   52         SH:  4    Dex: 11    Spells: 2/2 levels left

rFire    . . .     SeeInvis .   a - +2 quarterstaff
rCold    . . .     Faith    .   (shield currently unavailable)
rNeg     . . .     Spirit   .   j - +0 ring mail
rPois    .         Reflect  .   (no helmet)
rElec    .         Harm     .   (no cloak)
rCorr    .         Rampage  .   (no gloves)
Will     .....                  (no boots)
Stlth    +.........             (no amulet)
HPRegen  0.10/turn              (no ring)
MPRegen  0.08/turn              (no ring)

@: no status effects
A: claws 1, condensation shield
a: no special abilities


You were on level 2 of the Dungeon.
You visited 1 branch of the dungeon, and saw 2 of its levels.

You collected 52 gold pieces.

Inventory:

Hand Weapons
 a - a +2 quarterstaff (weapon)
Missiles
 c - a throwing net (quivered)
 d - 19 bolts
 g - 38 arrows
Armour
 j - a +0 ring mail (worn)
Scrolls
 e - a scroll of identify {unknown}
 h - 2 scrolls of teleportation {unknown}
Potions
 b - 2 potions of lignification
 f - a potion of heal wounds {unknown}
 i - a potion of resistance {unknown}


   Skills:
 * Level 4.5 Fighting
 - Level 1.0(1.5) Maces & Flails
 - Level 1.7(1.9) Staves
 - Level 1.0 Throwing
 * Level 0.4 Armour
 * Level 1.5 Dodging
 - Level 1.0 Stealth
 - Level 1.0 Shields


You had 2 spell levels left.
You didn't know any spells.
Your spell library was empty.

Dungeon Overview and Level Annotations

Branches:
Dungeon (2/15)

Altars:


Innate Abilities, Weirdness & Mutations

You have sharp fingernails.
A meltable shield of frost defends you. (SH +4)


Message History

No target in view!
No target in view!
No target in view!
No target in view!
No target in view!
No target in view!
No target in view!
No target in view!
No target in view!
No target in view!
No target in view!
Found a short sword.
c - a throwing net
g - 38 arrows (gained 9)
You now have 52 gold pieces (gained 3).
An adder comes into view.
Found a fizzy purple potion.
Found 4 gold pieces.
You sock the adder!
The adder is severely wounded.
The adder bites you. x2
You are poisoned.
The adder poisons you!
You barely miss the adder.
The adder is severely wounded.
You feel sick. The adder bites you.
You hit the adder.
The adder is almost dead.
The adder bites you but does no damage. x2
You sock the adder!
You kill the adder!
You feel sick.
You have reached level 3!
Your experience leads to an increase in your attributes!
Increase (s)trength, (i)ntelligence, or (d)exterity?
You feel clever.
Your demonic ancestry asserts itself...
Your fingernails lengthen.
You feel sick. x4
You are no longer poisoned.
Are you sure you want to abandon this character and quit the game? (Confirm with "yes".)

.#... ...!# #
.... .# .......
##......
#######.....#
....$...#..#
###@...##.
#.###..$.......
#.............#
#####.####.####
#.# .# . #.# .
.# #.# # .#
###########.#
.#
#...........#


There were no monsters in sight!

Vanquished Creatures
  An adder (D:2)
  2 bats (D:1)
  2 giant cockroaches
  4 hobgoblins
  2 kobolds (D:1)
  A frilled lizard (D:1)
  4 goblins (D:1)
  4 rats (D:1)
20 creatures vanquished.

Notes
Turn   | Place    | Note
-------+----------+-------------------------------------------
     0 | D:1      | Chiseanne the Demonspawn Wanderer began the quest for the
                  | Orb.
     0 | D:1      | Chiseanne set off with the following items: a +2
                  | quarterstaff, 2 potions of lignification, a +0 robe
     0 | D:1      | Reached XP level 1. HP: 19/19 MP: 1/1
   105 | D:1      | Reached skill level 1 in Dodging
   105 | D:1      | Gained mutation: A meltable shield of frost defends you.
                  | (SH +4) [demonic ancestry]
   105 | D:1      | Reached XP level 2. HP: 21/25 MP: 2/2
   562 | D:2      | Gained mutation: You have sharp fingernails. [demonic
                  | ancestry]
   562 | D:2      | Reached XP level 3. HP: 23/31 MP: 3/3
   676 | D:2      | Quit the game

Illustrated notes

Levels and vault maps discovered:
D:1:      kennysheep_arrival_forest, layout_loops_ring
D:2:      layout_loops_ring, minmay_pentomino_q4

Skill      XL: |  1 |
---------------+----+-----
Dodging        | 1 |  1.5
Fighting       | |  4.5
Maces & Flails | |  1.0
Staves         | |  1.7
Throwing       | |  1.0
Armour         | |  0.4
Stealth        | |  1.0
Shields        | |  1.0

Action                   || total
-------------------------++-------
Melee: Quarterstaff      ||    54
 Stab: Sleeping          ||     1
Armor: Robe              ||     3
       Ring mail         ||     2
Dodge: Dodged            ||    33
Block: Other             ||     5

Table legend: (Time is in decaauts)
 A = Elapsed time spent in this place.
 B = Non-inter-level travel time spent in this place.
 C = Inter-level travel time spent in this place.
 D = Time resting spent in this place.
 E = Time spent auto-exploring this place.
 F = Levels seen in this place.
 G = Mean time per level.
                   A        B        C        D        E       F      G
               +--------+--------+--------+--------+--------+-----+--------+
         Total |    686 |    686 |      0 |    114 |    446 |   2 |  343.0 |
       Dungeon |    686 |    686 |      0 |    114 |    446 |   2 |  343.0 |
               +--------+--------+--------+--------+--------+-----+--------+

Top non-repeatable levels by time:
     D:1: 471 daAuts
     D:2: 215 daAuts
